 Dungeon Crawl Stone Soup version 0.19.5 (webtiles) character file.

1956 ghjk the Cleaver (level 8, -4/71 HPs)
             Began as a Minotaur Fighter on Apr 17, 2017.
             Slain by Fingolfin's ghost (9 damage)
             ... on level 7 of the Dungeon.
             The game lasted 00:10:33 (5576 turns).

ghjk the Cleaver (Minotaur Fighter)                 Turns: 5576, Time: 00:10:34

Health: -4/71      AC: 11    Str: 28    XL:     8   Next: 99%
Magic:  7/7        EV: 10    Int:  5    God:
Gold:   177        SH: 11    Dex: 10    Spells: 0 memorised, 7 levels left

rFire  . . .     SeeInvis .     F - +3 war axe
rCold  . . .     Gourm    .     b - +0 scale mail
rNeg   + . .     Faith    .     c - +0 shield
rPois  +         Spirit   .     (helmet restricted)
rElec  .         Reflect  .     y - +0 cloak
rCorr  .         Harm     .     o - +1 pair of gloves
MR     .....                    (no boots)
Stlth  ..........               (no amulet)
                                D - ring of poison resistance
                                w - ring of positive energy

@: mighty
A: retaliatory headbutt, horns 2
a: no special abilities


You were on level 7 of the Dungeon.
You were not hungry.

You visited 2 branches of the dungeon, and saw 8 of its levels.

You collected 457 gold pieces.
You spent 280 gold pieces at shops.

Inventory:

Hand Weapons
 a - a +0 war axe
 n - a +1 mace
 F - a +3 war axe (weapon)
Armour
 b - a +0 scale mail (worn)
 c - a +0 shield (worn)
 o - a +1 pair of gloves (worn)
 y - a +0 cloak (worn)
 H - a +0 plate armour
Jewellery
 t - an uncursed ring of stealth
 w - a ring of positive energy (left hand)
 D - a ring of poison resistance (right hand)
 G - an uncursed amulet of regeneration {unknown}
Wands
 E - a wand of disintegration (11/24)
 I - a wand of acid (3/15)
Scrolls
 m - 2 scrolls of teleportation
 s - 3 scrolls of identify
 B - 3 scrolls of enchant weapon
 C - a scroll of noise {unknown}
 J - a scroll of recharging {unknown}
Potions
 e - a potion of agility
 h - a potion of magic {unknown}
 i - a potion of flight {unknown}
 k - a potion of resistance {unknown}
 p - 3 potions of heal wounds
 q - a potion of degeneration {unknown}
 r - a potion of mutation {unknown}
 u - 2 potions of curing {unknown}
 v - a potion of brilliance {unknown}
 x - a potion of berserk rage {unknown}
 z - a potion of lignification {unknown}
 A - 3 potions of invisibility {unknown}
Comestibles
 f - 3 bread rations
 g - 3 meat rations
 j - a slice of pizza
 l - 2 beef jerkies


   Skills:
 + Level 6.5 Fighting
 + Level 9.6 Axes
 + Level 6.9 Armour
 + Level 3.4 Dodging
 + Level 0.5 Stealth
 + Level 6.2 Shields


You had 7 spell levels left.
You didn't know any spells.

Dungeon Overview and Level Annotations

Branches:
Dungeon (7/15)             Temple (1/1) D:4

Altars:
Ashenzari
Cheibriados
Elyvilon
Fedhas
Gozag
Hepliaklqana
Kikubaaqudgha
Makhleb
Nemelex Xobeh
Qazlal
Ru
Sif Muna
Trog
Uskayaw
Vehumet
Zin
The Shining One

Shops:
D:5 *=*?   D:7 *

Annotations:
D:7 Fingolfin's ghost, novice DgFE


Innate Abilities, Weirdness & Mutations

You reflexively headbutt those who attack you in melee.
You have a pair of horns on your head.


Message History

The flame tongue hits you!
* * * LOW HITPOINT WARNING * * *
You are too injured to fight recklessly!
You are too injured to fight recklessly!
You are too injured to fight recklessly!
You slice Fingolfin's ghost!! You headbutt Fingolfin's ghost!
Fingolfin's ghost is severely damaged.
Fingolfin's ghost hits you but does no damage.
You slash Fingolfin's ghost!
Fingolfin's ghost is almost destroyed.
Fingolfin's ghost closely misses you.
You hit Fingolfin's ghost. Your headbutt misses Fingolfin's ghost.
Fingolfin's ghost is almost destroyed.
Fingolfin's ghost hits you.
* * * LOW HITPOINT WARNING * * *
x2 You hit Fingolfin's ghost.
Your headbutt misses Fingolfin's ghost.
Fingolfin's ghost is almost destroyed.
Fingolfin's ghost says, "I am proof that knowledge is power."
Fingolfin's ghost hits you!
You die...

# # #. .#.
#.########
#........#
..#.####.# ....#
#.######### †.###
#.........# .#.##
#.#######@# ###.##
#.# #W# #
##.###.#### .Z.
##.......# ..... #
##.##..##.##......
###.###..#
..#.#.## .#.##
#..# ####.#.# ..##
#.<# #.#.#
..#####..# #


You could see Fingolfin's ghost and a bullfrog skeleton.

Vanquished Creatures
  An orc warrior (D:6)
  A sky beast (D:7)
  An ice beast (D:5)
  A centaur (D:6)
  2 ogres
  A bullfrog (D:6)
  8 wights
  A howler monkey (D:6)
  3 crimson imps
  A centaur zombie (D:6)
  A bullfrog zombie (D:5)
  3 hounds
  2 centaur skeletons
  3 orc priests (D:5)
  A bullfrog skeleton (D:5)
  2 jellies
  Jessica (D:2)
  An iguana (D:5)
  2 orc wizards
  6 worker ants
  A hound zombie (D:5)
  A hound skeleton (D:4)
  9 adders
  7 worms
  A dart slug (D:1)
  6 leopard geckos
  23 orcs
  3 ball pythons
  4 giant cockroaches
  10 goblins
  14 hobgoblins
  9 jackals
  5 kobolds
  2 quokkas
  5 bats
  5 frilled lizards
  9 rats
156 creatures vanquished.

Notes
Turn   | Place    | Note
-------+----------+-------------------------------------------
     0 | D:1      | ghjk the Minotaur Fighter began the quest for the Orb.
     0 | D:1      | Reached XP level 1. HP: 19/19 MP: 0/0
   357 | D:1      | Reached XP level 2. HP: 27/27 MP: 1/1
  1047 | D:2      | Reached XP level 3. HP: 26/33 MP: 2/2
  1071 | D:2      | Reached skill level 3 in Axes
  1475 | D:2      | Noticed Jessica
  1481 | D:2      | Killed Jessica
  1481 | D:2      | Reached XP level 4. HP: 34/40 MP: 3/3
  1731 | D:2      | Found a hide-covered altar of Uskayaw.
  1784 | D:2      | Found a sacrificial altar of Ru.
  2095 | D:3      | Reached XP level 5. HP: 46/46 MP: 4/4
  2144 | D:3      | Reached skill level 4 in Axes
  2296 | D:3      | Reached skill level 1 in Dodging
  2388 | D:3      | Found a glowing golden altar of the Shining One.
  2767 | D:4      | Found a shattered altar of Ashenzari.
  2839 | D:4      | Found a staircase to the Ecumenical Temple.
  2865 | Temple   | Entered the Ecumenical Temple
  2999 | D:4      | Reached XP level 6. HP: 52/53 MP: 5/5
  3123 | D:4      | Reached skill level 5 in Axes
  3232 | D:4      | Reached skill level 5 in Armour
  3232 | D:4      | Reached skill level 5 in Shields
  3427 | D:5      | Entered Level 5 of the Dungeon
  3440 | D:5      | Found a radiant altar of Vehumet.
  3456 | D:5      | Found Tiahaont's Jewellery Boutique.
  3693 | D:5      | Found Votua's Magic Scroll Emporium.
  3701 | D:5      | Found a white marble altar of Elyvilon.
  3752 | D:5      | Found Noadei's Assorted Antiques.
  3781 | D:5      | Found a sparkling altar of Nemelex Xobeh.
  3843 | D:5      | Reached skill level 5 in Fighting
  3905 | D:5      | Reached XP level 7. HP: 16/61 MP: 6/6
  3907 | D:5      | HP: 2/61 [orc/short sword (2)]
  4164 | D:5      | Reached skill level 6 in Axes
  4177 | D:5      | Bought an uncursed ring of poison resistance for 280 gold pieces
  4184 | D:5      | Found Kysapsou's General Store.
  4476 | D:6      | Reached skill level 7 in Axes
  4510 | D:6      | Reached XP level 8. HP: 67/68 MP: 7/7
  4621 | D:6      | Reached skill level 8 in Axes
  5127 | D:6      | Found a blossoming altar of Fedhas.
  5333 | D:6      | Reached skill level 9 in Axes
  5419 | D:7      | Found a glowing silver altar of Zin.
  5421 | D:7      | Found Ahogomypn's Hallowed Reliquary.
  5430 | D:7      | Noticed an angel
  5563 | D:7      | Noticed Fingolfin's ghost (novice DgFE)
  5576 | D:7      | Slain by Fingolfin's ghost

Skill      XL: |  1  2  3  4  5  6  7  8 |
---------------+-------------------------+-----
Armour         | 4 5 6 |  6.9
Shields        | 4 5 6 |  6.2
Axes           | 3 4 5 7 9 |  9.6
Fighting       | 4 5 6 |  6.5
Dodging        | 1 2 3 |  3.4
Stealth        | |  0.5

Action                   |  1- 3 |  4- 6 |  7- 9 || total
-------------------------+-------+-------+-------++-------
Melee: War axe           |    85 |   211 |   136 ||   432
       Headbutt          |     9 |    35 |    23 ||    67
  Use: Scroll            |     3 |     7 |       ||    10
       Potion            |       |     2 |     1 ||     3
  Eat: Chunk             |     2 |     6 |     1 ||     9
       Fruit             |       |     2 |       ||     2
       Pizza             |       |       |     3 ||     3
Armor: Scale mail        |    47 |   103 |    29 ||   179
Dodge: Dodged            |    28 |    75 |    36 ||   139
Block: Shield            |    43 |    85 |    47 ||   175
